 Dungeon Crawl Stone Soup version 0.21.1-1-g345015fe64 (webtiles) character file.

140 Rrauwl the Slasher (level 5, -7/42 HPs)
             Began as a Human Berserker on Feb 7, 2018.
             Was a Believer of Trog.
             Killed by divine providence
             ... invoked by an orc priest
              (10 damage)
             ... on level 3 of the Dungeon.
             The game lasted 00:05:30 (2321 turns).

Rrauwl the Slasher (Human Berserker)                Turns: 2321, Time: 00:05:33

Health: -7/42      AC:  9    Str: 18    XL:     5   Next: 46%
Magic:  5/5        EV:  8    Int:  8    God:    Trog [**....]
Gold:   115        SH:  0    Dex: 12    Spells: 4/4 levels left

rFire    . . .     SeeInvis .   a - +0 falchion
rCold    . . .     Gourm    .   (no shield)
rNeg     . . .     Faith    .   e - +0 chain mail
rPois    .         Spirit   .   (no helmet)
rElec    .         Reflect  .   (no cloak)
rCorr    .         Harm     .   (no gloves)
MR       .....                  (no boots)
Stlth    ..........             (no amulet)
HPRegen  0.14/turn              (no ring)
MPRegen  0.09/turn              (no ring)

@: no status effects
A: no striking features
a: Berserk, Trog's Hand, Burn Spellbooks, Renounce Religion


You were on level 3 of the Dungeon.
You worshipped Trog.
Trog was pleased with you.
You were not hungry.

You visited 1 branch of the dungeon, and saw 3 of its levels.

You collected 115 gold pieces.

Inventory:

Hand Weapons
 a - a +0 falchion (weapon)
Armour
 e - a +0 chain mail (worn)
Scrolls
 g - a scroll of enchant armour {unknown}
 h - a scroll of fear
Potions
 b - 3 potions of curing
 f - 3 potions of might
Comestibles
 c - 5 rations
 d - a chunk of flesh


   Skills:
 + Level 3.8 Fighting
 + Level 4.0 Long Blades
 + Level 3.0 Armour
 - Level 3.0 Dodging


You had 4 spell levels left.
You didn't know any spells.

Dungeon Overview and Level Annotations

Branches:
Dungeon (3/15)

Altars:
Nemelex Xobeh


Message History

You hit the orc.
You kill the orc!
Trog accepts your kill.
Your chain mail prevents you from hitting the orc priest.
The orc hits you from afar with a trident.
The orc priest closely misses you.
The orc priest invokes the aid of Beogh against you.
Beogh smites you!
You see here a poisoned needle.
The orc priest hits you but does no damage.
There is a stone staircase leading up here.
You see here a poisoned needle.
The orc priest invokes the aid of Beogh against you.
Beogh smites you!
* * * LOW HITPOINT WARNING * * *
The orc hits you from afar with a trident.
* * * LOW HITPOINT WARNING * * *
The orc priest invokes the aid of Beogh against you.
Beogh smites you!
You die...

#.........o......
#.......#........
#.......#.#....o.
##########..###.#oo....
##.....####o## #..
..... ##..)....##..#
### .o...
#.........og## ....
#.....รท(.o### ...o
#.......@(########
#.........(.......
#.........########
#.........# #.........#
#.........# #.........#
#.........# #.......##


You could see 2 orc priests, an orc and a goblin.

Vanquished Creatures
  An orc wizard (D:2)
  Natasha (D:2)
  3 adders (D:2)
  A worm (D:2)
  A leopard gecko (D:1)
  5 orcs
  2 bats
  5 giant cockroaches
  4 goblins
  3 hobgoblins
  4 jackals (D:2)
  A quokka (D:2)
  A ball python (D:2)
  2 frilled lizards
  9 kobolds
  7 rats
50 creatures vanquished.

Notes
Turn   | Place    | Note
-------+----------+-------------------------------------------
     0 | D:1      | Rrauwl the Human Berserker began the quest for the Orb.
     0 | D:1      | Reached XP level 1. HP: 18/18 MP: 1/1
   245 | D:1      | Reached XP level 2. HP: 24/24 MP: 2/2
   939 | D:2      | Reached XP level 3. HP: 29/29 MP: 3/3
   954 | D:2      | Reached XP level 4. HP: 32/35 MP: 4/4
  1080 | D:2      | Found a sparkling altar of Nemelex Xobeh.
  1129 | D:2      | Noticed Natasha
  1142 | D:2      | Killed Natasha
  1167 | D:2      | Found a faded altar of an unknown god.
  1422 | D:2      | Reached ** piety under Trog
  1437 | D:2      | Reached XP level 5. HP: 40/42 MP: 5/5
  2201 | D:3      | Reached skill level 4 in Long Blades
  2321 | D:3      | Killed from afar by an orc priest

Skill      XL: |  1  2  3  4  5 |
---------------+----------------+-----
Armour         | 3 |  3.0
Dodging        | 3 |  3.0
Long Blades    | 4 |  4.0
Fighting       | |  3.8

Action                   |  1- 3 |  4- 6 || total
-------------------------+-------+-------++-------
Melee: Falchion          |    72 |   118 ||   190
  Use: Scroll            |     1 |     3 ||     4
       Potion            |       |     4 ||     4
  Eat: Chunk             |       |     5 ||     5
Armor: Animal skin       |     7 |       ||     7
       Leather armour    |     9 |       ||     9
       Chain mail        |    10 |    88 ||    98
Dodge: Dodged            |    44 |    77 ||   121
       Rpst.: Falchion   |    10 |    20 ||    30
